 Dungeon Crawl Stone Soup version 0.32-a0-5-gbffa963729 (webtiles) character file.

Game seed: 17048638254486885860

485 shadizar the Magician (level 7, 0/53 HPs)
             Began as a Djinni Earth Elementalist on Jan 13, 2024.
             Slain by an ice beast (7 damage)
             ... on level 4 of the Dungeon.
             The game lasted 00:08:48 (2984 turns).

shadizar the Magician (Djinni Earth Elementalist)   Turns: 2984, Time: 00:08:49

Health: 0/53       AC:  3    Str:  7    XL:     7   Next: 35%
Gold:   197        EV: 11    Int: 18    God:
                   SH:  4    Dex: 14

rFire   + + .        d - staff of conjuration
rCold   x . .        g - +0 buckler
rNeg    . . .        a - +0 robe
rPois   ∞            c - +0 helmet
rElec   .            (no cloak)
rCorr   .            (no gloves)
SInv    .            (boots unavailable)
Will    .....        (no amulet)
Stlth   ++           (no ring)
HPRegen 0.28/turn    (no ring)
MPRegen 0.00/turn

%: infuse magic (-1 HP)
@: flying
A: sickness immunity, fire resistance 2, cold vulnerability 1, float, innate
caster, HP casting, extra vitality 1
a: no special abilities


You were on level 4 of the Dungeon.
You visited 1 branch of the dungeon, and saw 4 of its levels.

You collected 197 gold pieces.

Inventory:

Armour
 a - a +0 robe (worn)
 c - a +0 helmet (worn)
 g - a +0 buckler (worn)
Magical Staves
 d - a staff of conjuration (weapon)
Scrolls
 h - a scroll of fear
 j - 3 scrolls of identify
Potions
 b - 2 potions of attraction {unknown}
 f - a potion of curing
 i - a potion of mutation {unknown}


   Skills:
 + Level 4.4 Fighting
 - Level 2.1 Dodging
 - Level 1.5 Stealth
 + Level 2.7 Shields
 + Level 4.7 Spellcasting
 + Level 4.7 Conjurations
 + Level 4.7 Hexes
 + Level 4.7 Summonings
 + Level 4.7 Necromancy
 + Level 4.7 Translocations
 + Level 4.7 Fire Magic
 + Level 4.7 Ice Magic
 + Level 4.7 Air Magic
 + Level 4.7 Earth Magic
 + Level 4.7 Alchemy


You knew the following spells:

 Your Spells              Type           Power      Damage    Failure   Level
a - Sandblast             Erth           42%        2d11      3%          1
b - Passwall              Erth           21%        N/A       10%         3
c - Stone Arrow           Conj/Erth      62%        3d10      10%         3
d - Petrify               Alch/Erth      21%        N/A       32%         4
e - Brom's Barrelling Bo  Conj/Erth      31%        2d5       32%         4
f - Sting                 Conj/Alch      100%       1d9       3%          1
g - Lesser Beckoning      Tloc           42%        N/A       4%          2
h - Frozen Ramparts       Ice            42%        1d7       10%         3
Your spell library was empty.

Dungeon Overview and Level Annotations

Branches:
Dungeon (4/15)
 Temple: D:4-7

Altars:
Ru
Uskayaw
Xom

Shops:
D:1 =   D:3 ?

Annotations:
D:3 3 runed translucent doors, Picsou's ghost, amateur MiBe


Innate Abilities, Weirdness & Mutations

You are immune to sickness and miasma.
You are immune to poison.
Your flesh is very heat resistant. (rF++)
You are vulnerable to cold. (rC-)
You float through the air rather than walking.
You learn spells naturally, not from books.
Your magical power is your life essence.
You have superior vitality. (+4 MHP)


Message History

Unknown command.
Casting: Sandblast (safe; 3% risk of failure)
Confirm with . or Enter, or press ? or * to list all spells.
Aiming: Sandblast (safe; 3% risk of failure)
Press: ? - help, Shift-Dir - straight line, f - ice beast
Aim: an ice beast (83% to hit)
The blast of sand hits the ice beast.
The ice beast is lightly wounded.
The ice beast barely misses you.
Casting: Sandblast (safe; 3% risk of failure)
Confirm with . or Enter, or press ? or * to list all spells.
Aiming: Sandblast (safe; 3% risk of failure)
Press: ? - help, Shift-Dir - straight line, f/p - ice beast
Aim: an ice beast (lightly wounded, 83% to hit)
The blast of sand hits the ice beast!
The ice beast is severely wounded.
The ice beast hits you. The ice beast freezes you!!
You feel a terrible chill! The ice beast barely misses you.
Unknown command.
Casting: Sandblast (safe; 3% risk of failure)
Confirm with . or Enter, or press ? or * to list all spells.
Aiming: Sandblast (safe; 3% risk of failure)
Press: ? - help, Shift-Dir - straight line, f/p - ice beast
Aim: an ice beast (severely wounded, 83% to hit)
The blast of sand misses the ice beast.
The ice beast hits you. The ice beast freezes you!!
You feel a terrible chill!
* * * LOW HITPOINT WARNING * * *
Unknown command.
Casting: Sandblast (safe; 3% risk of failure)
Confirm with . or Enter, or press ? or * to list all spells.
Aiming: Sandblast (safe; 3% risk of failure)
Press: ? - help, Shift-Dir - straight line, f/p - ice beast
Aim: an ice beast (severely wounded, 83% to hit)
The blast of sand hits the ice beast but does no damage.
The ice beast is severely wounded.
* * * LOW HITPOINT WARNING * * *
The ice beast hits you.
* * * LOW HITPOINT WARNING * * *
The ice beast freezes you!
You feel a terrible chill!
You die...

#Y# ###..# #.#
##.####
#o##############..#.#
#.#..........Y..Y...#
....#############.###
#.### #..##### #.#
##.....## #.#
####)###..# #.#
#.@Y......# #.#
#.##.###..# #.#######
#.##.#?#..# ........#
#.##.###.## #....####
##.##.....# #..###
##..######## #..#
##..## #.## ##<.##
..# #..##


You could see an ice beast.

Vanquished Creatures
  A black bear (D:4)
  A centaur (D:4)
  A scorpion (D:4)
  A bombardier beetle (D:4)
  An orc priest (D:2)
  Ijyb (D:4)
  An orc wizard (D:4)
  5 adders (D:2)
  3 dart slugs
  A ribbon worm (D:2)
  8 orcs
  7 ball pythons
  10 endoplasms
  2 giant cockroaches
  3 goblins
  6 hobgoblins
  7 jackals
  4 kobolds
  5 quokkas
  2 frilled lizards (D:2)
  8 rats
78 creatures vanquished.

Notes
Turn   | Place    | Note
-------+----------+-------------------------------------------
     0 | D:1      | shadizar the Djinni Earth Elementalist began the quest for
                  | the Orb.
     0 | D:1      | shadizar set off with the following spells memorised:
                  | Sandblast, Passwall, Stone Arrow, Petrify, Brom's
                  | Barrelling Boulder.
     0 | D:1      | Reached XP level 1. HP: 15/15 MP: 0/0
    74 | D:1      | Found Xowi Tudano's Jewellery Boutique.
    77 | D:1      | Reached XP level 2. HP: 22/22 MP: 0/0
   140 | D:1      | Reached skill level 1 in Fighting
   455 | D:1      | Reached XP level 3. HP: 25/27 MP: 0/0
   455 | D:1      | Learned a level 1 spell: Sting
   687 | D:2      | Reached XP level 4. HP: 23/33 MP: 0/0
  1178 | D:2      | Reached XP level 5. HP: 16/40 MP: 0/0
  1178 | D:2      | Learned a level 2 spell: Lesser Beckoning
  1433 | D:2      | Found a faded altar of an unknown god.
  1660 | D:3      | Found a shimmering altar of Xom.
  1704 | D:3      | Found Wedixuno's Magic Scroll Shop.
  1870 | D:3      | Found a runed translucent gate.
  1871 | D:3      | Found a runed translucent gate.
  1876 | D:3      | Found a runed translucent gate.
  1878 | D:3      | Identified the +4 ring mail of Sufficient Creativity {Fly
                  | rN+ rCorr Dex-3}
  1879 | D:3      | Noticed Picsou's ghost (amateur MiBe)
  2001 | D:3      | Found a sacrificial altar of Ru.
  2096 | D:4      | Noticed a black bear
  2100 | D:4      | Killed a black bear
  2101 | D:4      | Reached skill level 1 in Shields
  2101 | D:4      | Reached XP level 6. HP: 41/47 MP: 0/0
  2467 | D:4      | Reached XP level 7. HP: 21/52 MP: 0/0
  2467 | D:4      | Learned a level 3 spell: Frozen Ramparts
  2689 | D:4      | Found a hide-covered altar of Uskayaw.
  2727 | D:4      | Noticed Ijyb
  2736 | D:4      | Killed Ijyb
  2984 | D:4      | Slain by an ice beast

Illustrated notes

Levels and vault maps discovered:
D:1:      roadster_arrival_rocket_small, layout_loops_ring, serial_shops, shop,
          nicolae_concentric_dashed_squares_mild
D:2:      layout_basic, shapermc_ecumenical_altar_hornbeckon,
          minmay_tetromino_l4
D:3:      layout_rooms, nicolae_ru_the_path_less_chosen, xom_teletrap_fun,
          biasface_ghost_orc_armoury, serial_shops, shop, serial_bayou_pond_e
D:4:      layout_rooms, mainiacjoe_overflow_alcove_4, item_on_display_a,
          uniq_ijyb

Skill      XL: |  1  2  3  4  5  6 |
---------------+-------------------+-----
Fighting       | 1 2 3 4 |  4.4
Spellcasting   | 4 |  4.7
Conjurations   | 4 |  4.7
Hexes          | 4 |  4.7
Summonings     | 4 |  4.7
Necromancy     | 4 |  4.7
Translocations | 4 |  4.7
Fire Magic     | 4 |  4.7
Ice Magic      | 4 |  4.7
Air Magic      | 4 |  4.7
Earth Magic    | 4 |  4.7
Alchemy        | 4 |  4.7
Shields        | 1 2 |  2.7
Dodging        | |  2.1
Stealth        | |  1.5

Action                     |  1- 3 |  4- 6 |  7- 9 || total
---------------------------+-------+-------+-------++-------
  Melee: Staff             |     3 |    22 |       ||    25
         Punch             |       |     1 |       ||     1
   Cast: Sandblast         |    25 |    88 |    21 ||   134
    Use: Scroll            |       |    10 |       ||    10
         Potion            |       |     2 |     1 ||     3
 Armour: Robe              |     4 |    65 |    12 ||    81
  Dodge: Dodged            |    16 |    61 |     7 ||    84
  Block: Buckler           |     2 |    10 |     4 ||    16

Table legend: (Time is in decaauts)
 A = Elapsed time spent in this place.
 B = Non-inter-level travel time spent in this place.
 C = Inter-level travel time spent in this place.
 D = Time resting spent in this place.
 E = Time spent auto-exploring this place.
 F = Levels seen in this place.
 G = Mean time per level.
                   A        B        C        D        E       F      G
               +--------+--------+--------+--------+--------+-----+--------+
         Total |   3055 |   2975 |     80 |      0 |   2205 |   4 |  763.8 |
       Dungeon |   3055 |   2975 |     80 |      0 |   2205 |   4 |  763.8 |
               +--------+--------+--------+--------+--------+-----+--------+

Top non-repeatable levels by time:
     D:2: 1002 daAuts
     D:4: 727 daAuts
     D:3: 671 daAuts
     D:1: 654 daAuts
